 Dungeon Crawl Stone Soup version 0.28-a0-69-g49dcd67cf8 (webtiles) character file.

Game seed: 2582256167095279955

56 emm the Chopper (level 3, -8/27 HPs)
             Began as a Demonspawn Gladiator on July 31, 2021.
             Mangled by an ogre (35 damage)
             ... on level 3 of the Dungeon.
             The game lasted 00:03:42 (2386 turns).

emm the Chopper (Demonspawn Gladiator)              Turns: 2386, Time: 00:03:42

Health: -8/27      AC:  4    Str: 14    XL:     3   Next: 71%
Magic:  3/3        EV: 12    Int:  9    God:
Gold:   122        SH:  0    Dex: 15    Spells: 2/2 levels left

rFire   . . .      SeeInvis .   a - +0 war axe
rCold   . . .      Faith    .   (no shield)
rNeg    . . .      Spirit   .   b - +1 leather armour
rPois   .          Reflect  .   (helmet restricted)
rElec   .          Harm     .   (no cloak)
rCorr   .          Rampage  .   (no gloves)
Will    .....                   (no boots)
Stlth   +.........              (no amulet)
HPRegen 0.09/turn               (no ring)
MPRegen 0.08/turn               (no ring)

@: no status effects
A: horns 1, foul stench 1
a: no special abilities


You were on level 3 of the Dungeon.
You visited 1 branch of the dungeon, and saw 3 of its levels.

You collected 122 gold pieces.

Inventory:

Hand Weapons
 a - a +0 war axe (weapon)
Missiles
 d - 3 throwing nets (quivered)
Armour
 b - a +1 leather armour (worn)
 c - a +0 helmet
Jewellery
 g - a +6 ring of dexterity
 i - a ring of resist corrosion
Scrolls
 e - a scroll of teleportation {unknown}
 f - a scroll of amnesia {unknown}
 j - a scroll of acquirement {unknown}
Potions
 h - a potion of curing


   Skills:
 + Level 2.1 Fighting
 + Level 3.3 Axes
 + Level 2.0 Throwing
 + Level 1.3 Armour
 + Level 3.0 Dodging
 + Level 0.2 Stealth


You had 2 spell levels left.
You didn't know any spells.
Your spell library was empty.

Dungeon Overview and Level Annotations

Branches:
Dungeon (3/15)

Altars:

Annotations:
D:3 1 transporter, Thraspic's ghost, amateur BaFi


Innate Abilities, Weirdness & Mutations

You have a pair of small horns on your head.
You may rarely emit foul miasma when damaged in melee.


Message History

Done exploring.
Done exploring.
Okay, then.
Okay, then.
Okay, then.
It was a potion of curing.
You feel better.
(D) Dungeon
Where to? (? - help)
What level of the Dungeon? (default 1, ? - help)
You see here a +0 short sword.
There is a stone staircase leading down here.
You climb downwards.
Found a scroll labelled AFIFAXIMASU.
There is a stone staircase leading up here.
Found a stone staircase leading down.
j - a scroll labelled AFIFAXIMASU A hobgoblin comes into view.
A hobgoblin is nearby!
A hobgoblin is nearby!
A hobgoblin is nearby!
The hobgoblin shouts!
You hit the hobgoblin.
You kill the hobgoblin!
You see here a hobgoblin corpse.
Thraspic's ghost turns its malevolent gaze towards you.
Found 17 gold pieces.
Found a leather armour.
Found a transporter.
The ogre shouts!
Found a transporter.
There is a transporter landing site here.
The ogre shouts!
There is a transporter here.
You can't go down here!
Unknown command.
There is a transporter here.
You enter the transporter and appear at another place.
Unknown command.
The ogre hits you with a +0 giant spiked club!!
Ouch! That really hurt!
You die...

... ... . #
#############
###+##.....©.....#
##...#..##...##O.#
##...#.#..#.#.W#@#
##...#.#..#.#..#.#
.#...#..##...##..# .
.#...#.....$[O..©#...
.†...#############...
..........©.©........
.............###....#
............## #....#
..#.######.## #


You could see an ogre.

Vanquished Creatures
  2 adders (D:2)
  A dart slug (D:1)
  8 ball pythons
  An endoplasm (D:1)
  A giant cockroach (D:1)
  2 goblins (D:1)
  5 hobgoblins
  3 jackals (D:1)
  A kobold (D:1)
  2 quokkas (D:2)
  4 bats
  A rat (D:1)
31 creatures vanquished.

Notes
Turn   | Place    | Note
-------+----------+-------------------------------------------
     0 | D:1      | emm the Demonspawn Gladiator began the quest for the Orb.
     0 | D:1      | Reached XP level 1. HP: 16/16 MP: 1/1
   423 | D:1      | Gained mutation: You have a pair of small horns on your
                  | head. [demonic ancestry]
   423 | D:1      | Reached XP level 2. HP: 18/22 MP: 2/2
  1163 | D:1      | Gained mutation: You may rarely emit foul miasma when
                  | damaged in melee. [demonic ancestry]
  1163 | D:1      | Reached XP level 3. HP: 25/27 MP: 3/3
  1693 | D:2      | Reached skill level 1 in Armour
  2367 | D:3      | Noticed Thraspic's ghost (amateur BaFi)
  2369 | D:3      | Found a transporter.
  2369 | D:3      | Noticed an ogre
  2369 | D:3      | Noticed an ogre
  2373 | D:3      | Found a transporter.
  2386 | D:3      | Mangled by an ogre

Illustrated notes

Levels and vault maps discovered:
D:1:      dpeg_arrival_tiny_a, layout_basic, serial_co_window_serial,
          co_window_of_opportunity_a, co_window_corner_a, co_window_paths_a,
          co_window_paths_a, co_window_paths_b, co_window_paths_c,
          co_window_corner_b, co_window_broadway_a, co_window_paths_e,
          co_window_sun, glass_columns_c, glass_columns_b, glass_columns_c,
          glass_columns_b
D:2:      layout_basic
D:3:      layout_basic, gammafunk_temple_overflow_arena, gammafunk_ghost_smash

Skill      XL: |  1  2  3 |
---------------+----------+-----
Axes           | 3 |  3.3
Throwing       | 2 |  2.0
Dodging        | 3 |  3.0
Armour         | 1 |  1.3
Fighting       | |  2.1
Stealth        | |  0.2

Action                   || total
-------------------------++-------
Melee: War axe           ||    68
       Headbutt          ||     5
  Use: Potion            ||     4
       Scroll            ||     1
Armor: Leather armour    ||    31
Dodge: Dodged            ||    70

Table legend: (Time is in decaauts)
 A = Elapsed time spent in this place.
 B = Non-inter-level travel time spent in this place.
 C = Inter-level travel time spent in this place.
 D = Time resting spent in this place.
 E = Time spent auto-exploring this place.
 F = Levels seen in this place.
 G = Mean time per level.
                   A        B        C        D        E       F      G
               +--------+--------+--------+--------+--------+-----+--------+
         Total |   2409 |   2371 |     38 |    389 |   1659 |   3 |  803.0 |
       Dungeon |   2409 |   2371 |     38 |    389 |   1659 |   3 |  803.0 |
               +--------+--------+--------+--------+--------+-----+--------+

Top non-repeatable levels by time:
     D:1: 1327 daAuts
     D:2: 1044 daAuts
     D:3: 38 daAuts
